 Dungeon Crawl Stone Soup version 0.18.1-6-gd335043 (webtiles) character file.

313 mistymad the Shield-Bearer (level 6, -5/39 HPs)
             Began as a Gargoyle Fighter on May 21, 2016.
             Slain by an ice beast (7 damage)
             ... on level 4 of the Dungeon.
             The game lasted 00:07:45 (2998 turns).

mistymad the Shield-Bearer (Gargoyle Fighter)       Turns: 2998, Time: 00:07:46

Health: -5/39      AC: 12    Str: 19    XL:     6   Next: 43%
Magic:  6/6        EV:  8    Int:  9    God:
Gold:   174        SH:  9    Dex: 11    Spells: 0 memorised, 5 levels left

rFire  . . .     SeeInvis .     a - +0 flail
rCold  . . .     Gourm    .     b - +0 scale mail
rNeg   + . .     Faith    .     c - +0 shield
rPois  ∞         Spirit   .     (no helmet)
rElec  +         Dismiss  .     (no cloak)
rCorr  .         Reflect  .     (no gloves)
SustAt .         Harm     .     x - +0 pair of boots
MR     .....                    (no amulet)
Stlth  ..........               (no ring)
                                (no ring)

@: not resistant to hostile enchantments, extremely unstealthy
A: negative energy resistance 1, electricity resistance, unbreathing,
petrification resistance, rot immunity, AC +4
a: no special abilities


You were on level 4 of the Dungeon.
You were not hungry.

You visited 1 branch of the dungeon, and saw 4 of its levels.

You collected 174 gold pieces.

Inventory:

Hand Weapons
 a - a +0 flail (weapon)
Armour
 b - a +0 scale mail (worn)
 c - a +0 shield (worn)
 x - a +0 pair of boots (worn)
Jewellery
 k - an uncursed ring of stealth {unknown}
 w - an uncursed ring of sustain attributes {unknown}
Scrolls
 e - a scroll of enchant armour {unknown}
 g - 3 scrolls of noise {unknown}
 l - a scroll of fear {unknown}
 m - a scroll of enchant weapon {unknown}
 n - 2 scrolls of random uselessness {unknown}
 p - a scroll of immolation {unknown}
 r - 2 scrolls of teleportation {unknown}
 s - 6 scrolls of identify {unknown}
 v - 5 scrolls of remove curse {unknown}
 y - a scroll of blinking {unknown}
Potions
 d - 2 potions of might
 h - a potion of cure mutation {unknown}
 j - 5 potions of haste {unknown}
 o - a potion of magic {unknown}
 t - a potion of degeneration {unknown}
 u - a potion of berserk rage {unknown}
 z - a potion of ambrosia {unknown}
 B - a potion of curing {unknown}
Comestibles
 f - 2 bread rations
 i - a meat ration
 q - 3 fruits


   Skills:
 + Level 4.4 Fighting
 + Level 3.0 Maces & Flails
 + Level 4.7 Armour
 + Level 1.7 Dodging
 + Level 4.8 Shields


You had 5 spell levels left.
You didn't know any spells.

Dungeon Overview and Level Annotations

Branches:
Dungeon (4/15)
 Temple: D:4-7

Altars:
Fedhas
Zin


Innate Abilities, Weirdness & Mutations

You are resistant to torment.
Your stone body is resilient (AC +4).
You are immune to poison.
You resist negative energy.
You are resistant to electric shocks.
You can survive without breathing.
You are immune to petrification.
You are immune to rotting.


Message History

You hit the ice beast.
The ice beast is severely wounded.
The ice beast hits you. The ice beast freezes you!
* * * LOW HITPOINT WARNING * * *
You are too injured to fight recklessly!
You are too injured to fight recklessly!
You are too injured to fight recklessly!
You are too injured to fight recklessly!
You closely miss the ice beast.
The ice beast is severely wounded.
The ice beast hits you.
* * * LOW HITPOINT WARNING * * *
The ice beast freezes you.
* * * LOW HITPOINT WARNING * * *
You hit the ice beast but do no damage.
The ice beast is severely wounded.
The ice beast hits you.
* * * LOW HITPOINT WARNING * * *
The ice beast freezes you!
You die...

###################
#..................
#....##..........#
#....##..........#
#....##..........#
#....##..........####
####....................
................@Y......
....##.#.#..............
....##.#.########.#.....
....##.#.# .# ....
.....#.#.# .# ...
##.#.#.#.# .# ..
.....#.#.# .# #
##.###.#.# .# .......#.#


You could see an ice beast.

Vanquished Creatures
  A scorpion (D:4)
  A hound (D:4)
  An orc wizard (D:3)
  An iguana (D:4)
  A worker ant (D:3)
  3 gnolls (D:2)
  2 adders
  3 worms
  3 dart slugs
  A giant gecko (D:1)
  6 orcs (D:3)
  6 giant cockroaches
  8 goblins
  8 hobgoblins
  11 jackals
  7 kobolds
  4 quokkas (D:3)
  A ball python (D:3)
  8 bats
  5 giant newts
  6 rats
87 creatures vanquished.

Notes
Turn   | Place    | Note
--------------------------------------------------------------
     0 | D:1      | mistymad the Gargoyle Fighter began the quest for the Orb.
     0 | D:1      | Reached XP level 1. HP: 14/14 MP: 1/1
   203 | D:1      | Reached XP level 2. HP: 19/19 MP: 2/2
  1015 | D:2      | Reached XP level 3. HP: 22/23 MP: 3/3
  1432 | D:2      | Reached XP level 4. HP: 29/29 MP: 4/4
  1693 | D:2      | Reached skill level 1 in Dodging
  2074 | D:3      | Found a glowing silver altar of Zin.
  2171 | D:3      | Reached XP level 5. HP: 30/33 MP: 5/5
  2723 | D:4      | Reached XP level 6. HP: 35/38 MP: 6/6
  2729 | D:4      | Found a blossoming altar of Fedhas.
  2973 | D:4      | Noticed an ice beast
  2998 | D:4      | Slain by an ice beast

Skill      XL: |  1  2  3  4  5  6 |
---------------+-------------------+-----
Shields        | 4 |  4.8
Armour         | 4 |  4.7
Dodging        | 1 |  1.7
Fighting       | 4 |  4.4
Maces & Flails | 3 |  3.0

Action                   |  1- 3 |  4- 6 || total
-------------------------+-------+-------++-------
Melee: Flail             |   161 |   240 ||   401
  Eat: Chunk             |     2 |     6 ||     8
Armor: Scale mail        |    65 |   146 ||   211
Dodge: Dodged            |    66 |    87 ||   153
Block: Shield            |    77 |   158 ||   235
